Map: Ascension to Aiur LE

Players

customs

  • Race: Zerg Zerg
  • League: Gold
  • Spawn Location: 5:00

Yata - Winner!

  • Race: Zerg Zerg
  • League: Gold
  • Spawn Location: 11:00

VOD

Have the link to the VOD?

Description

Time

  • Played on: Sept. 7, 2017, 9:42 p.m.
  • Length: 12:00
Show
View Real Time Build Order
Export as new Build Order

customs Zerg 

Build Orders: Pool First 

Get SALT Encoding   

  12  0:05  Drone  
  13  0:09  Drone  
  14  0:43  Overlord  
  14  0:49  Spawning Pool  
  13  0:51  Extractor  
  13  0:54  Extractor  
  13  0:55  Drone x2  
  14  1:03  Drone  
  16  1:07  Extractor  
  15  1:16  Drone  
  16  1:23  Drone  
  17  1:47  Drone x2  
  17  1:51  Queen  
  21  1:56  Spine Crawler  
  20  2:01  Spine Crawler, Drone x2  
  21  2:12  Overlord  
  21  2:28  Zergling x2  
  22  2:31  Lair  
  22  2:32  Hatchery  
  22  2:34  Zergling x2  
  22  2:43  Zergling x2  
  23  2:55  Zergling x2  
  24  3:01  Roach Warren  
  24  3:02  Extractor  
  24  3:03  Drone x3  
  25  3:09  Drone  
  26  3:23  Zergling x2  
  27  3:32  Metabolic Boost  
  27  3:35  Queen  
  29  3:42  Overlord  
  29  3:44  Roach  
  31  3:50  Hydralisk Den  
  31  3:52  Drone  
  31  3:56  Drone x2  
  33  4:09  Spine Crawler, Drone x2  
  34  4:21  Drone x2  
  36  4:26  Lurker Den  
  36  4:53  Drone  
  36  4:54  Drone x3  
  36  4:56  Hydralisk x2  
  44  5:00  Overlord  
  44  5:01  Overlord  
  44  5:05  Extractor  
  43  5:12  Spore Crawler  
  37  5:25  Overseer  
  37  5:28  Drone  
  38  5:34  Drone x3  
  41  5:46  Zergling x12  
  41  5:48  Drone  
  48  5:53  Spore Crawler  
  47  5:58  Drone  
  47  5:59  Spine Crawler  
  47  6:01  Drone  
  48  6:05  Lurker x2  
  50  6:17  Drone  
  50  6:18  Drone x3  
  54  6:23  Extractor  
  53  6:32  Drone  
  54  6:44  Spore Crawler  
  53  6:50  Overlord, Hydralisk x3  
  53  6:51  Nydus Network  
  59  7:01  Drone  
  59  7:05  Drone  
  60  7:11  Overlord  
  60  7:16  Overseer  
  60  7:22  Zergling x6  
  63  7:26  Overseer  
  63  7:36  Drone x4  
  67  7:43  Evolution Chamber  
  66  7:47  Drone  
  66  7:51  Glial Reconstitution  
  67  7:53  Burrow  
  67  7:56  Roach x4  
  75  8:03  Roach  
  76  8:06  Overlord x3  
  76  8:25  Drone x2  
  78  8:30  Drone  
  78  8:32  Roach x4  
  87  8:38  Zerg Missile Weapons Level 1  
  87  8:47  Infestation Pit  
  86  8:50  Hydralisk  
  88  8:56  Hydralisk x4  
  88  9:00  Muscular Augments  
  89  9:14  Roach x4  
  97  9:28  Spine Crawler  
  97  9:29  Roach x2  
  100  9:35  Overlord x3  
  100  9:45  Overlord  
  100  9:53  Spine Crawler  
  100  9:58  Drone  
  100  9:59  Drone x3  
  102  10:10  Spine Crawler  
  80  10:21  Roach x2  
  55  10:30  Queen  
  55  10:33  Roach x2  
  55  10:34  Roach x4  
  61  10:46  Roach x2  
  63  10:53  Roach  
  59  11:05  Roach  
  59  11:06  Roach x3  
  63  11:11  Roach  
  63  11:18  Spine Crawler  
  37  11:27  Roach x2, Spine Crawler  
  30  11:41  Spine Crawler  
Show
View Real Time Build Order
Export as new Build Order

Yata Zerg - Winner!

Build Orders: Hatch First 

Get SALT Encoding   

  12  0:01  Drone  
  13  0:12  Overlord  
  13  0:21  Drone  
  14  0:30  Drone x2  
  16  0:36  Drone  
  17  0:54  Hatchery  
  16  0:58  Drone  
  16  1:01  Drone  
  18  1:12  Extractor  
  18  1:16  Spawning Pool  
  17  1:18  Drone  
  17  1:22  Drone  
  18  1:28  Drone  
  19  1:39  Overlord  
  19  1:50  Drone  
  20  2:00  Drone  
  21  2:03  Queen  
  21  2:06  Queen  
  25  2:11  Zergling x4  
  25  2:14  Metabolic Boost  
  27  2:17  Drone  
  27  2:21  Drone  
  29  2:28  Overlord  
  29  2:38  Baneling Nest  
  28  2:46  Queen  
  28  2:51  Drone x3  
  33  3:04  Overlord x2  
  33  3:10  Drone x2  
  35  3:16  Drone  
  35  3:17  Drone x3  
  35  3:18  Drone  
  40  3:27  Lair  
  40  3:29  Extractor  
  40  3:30  Zergling x2  
  40  3:39  Evolution Chamber  
  39  3:49  Drone x2  
  41  3:58  Zergling x2  
  41  3:59  Zergling x12  
  48  4:10  Zerg Melee Weapons Level 1  
  48  4:31  Hatchery  
  47  4:43  Overlord x4  
  47  4:46  Baneling x4  
  47  4:47  Baneling x2  
  47  4:56  Evolution Chamber  
  46  5:00  Queen  
  41  5:26  Roach Warren, Zerg Missile Weapons Level 1  
  40  5:30  Overlord x3  
  40  5:51  Drone x14  
  40  5:52  Drone x2  
  56  6:00  Drone x5  
  61  6:08  Spore Crawler  
  61  6:11  Spore Crawler x2  
  59  6:16  Drone x7  
  65  6:22  Extractor  
  64  6:26  Extractor  
  64  6:30  Roach  
  64  6:31  Roach x3  
  71  6:34  Zerg Ground Armor Level 1  
  71  6:37  Roach x2  
  75  6:41  Drone  
  75  6:43  Drone x2  
  75  6:44  Drone  
  79  6:47  Roach x2  
  79  6:48  Roach  
  85  6:59  Glial Reconstitution  
  85  7:03  Roach  
  87  7:10  Roach  
  87  7:11  Roach x2  
  93  7:20  Zergling x2  
  93  7:21  Zergling x14  
  101  7:29  Zerg Missile Weapons Level 2  
  101  7:53  Hatchery  
  89  8:11  Hydralisk Den  
  88  8:14  Roach x9  
  88  8:16  Overlord x3  
  88  8:17  Overlord x3  
  106  8:45  Zerg Ground Armor Level 2  
  106  8:47  Hydralisk x7  
  120  8:57  Drone  
  120  8:58  Drone x10  
  127  9:12  Overseer  
  127  9:16  Hydralisk  
  127  9:17  Hydralisk x4  
  129  9:23  Overseer  
  137  9:27  Queen  
  139  9:33  Queen  
  139  9:35  Queen x2  
  139  9:38  Drone x4  
  147  9:39  Drone x2  
  147  9:42  Roach  
  147  9:43  Roach x3  
  147  9:45  Overlord x6  
  159  9:46  Overlord  
  159  9:55  Infestation Pit  
  158  10:03  Queen  
  160  10:09  Roach  
  160  10:10  Roach x9  
  160  10:11  Pneumatized Carapace  
  148  10:22  Roach x5  
  138  10:36  Hive  
  138  10:45  Roach x4  
  146  10:58  Roach x5  
  146  10:59  Roach  
  150  11:10  Hydralisk x2  
  154  11:36  Overlord  
  154  11:37  Overlord  
  160  11:41  Overlord x4  
  160  11:42  Overlord  
Tags
 
League
GoldGold
Matchup
ZvZ
Race
Zerg
Replay Pack
Pack 1
Spawn Locations
Cross Positions
Add a new tag
Caveats
  • Supply blocks, unpowered buildings, or Contaminate may cause inaccurate times.
  • Supply counts are checked every 10 seconds.